 Dungeon Crawl Stone Soup version 0.29.1-2-gbd0b4ee654 (webtiles) character file.

Game seed: 17291284000966639913

124 Icepheonix32 the Trooper (level 4, 0/42 HPs)
             Began as a Minotaur Fighter on Nov 2, 2022.
             Slain by an orc wizard
             ... wielding a +0 dagger
              (3 damage)
             ... on level 3 of the Dungeon.
             The game lasted 00:01:30 (1893 turns).

Icepheonix32 the Trooper (Minotaur Fighter)         Turns: 1893, Time: 00:01:31

Health: 0/42       AC:  7    Str: 20    XL:     4   Next: 81%
Magic:  3/3        EV:  9    Int:  7    God:
Gold:   134        SH:  4    Dex: 10    Spells: 3/3 levels left

rFire   . . .      SeeInvis .   a - +0 war axe
rCold   . . .      Faith    .   c - +0 buckler
rNeg    . . .      Spirit   .   b - +0 scale mail
rPois   .          Reflect  .   (helmet restricted)
rElec   .          Harm     .   (no cloak)
rCorr   .          Rampage  .   (no gloves)
Will    .....                   (no boots)
Stlth   ..........              (no amulet)
HPRegen 0.14/turn               (no ring)
MPRegen 0.08/turn               (no ring)

@: mighty
A: horns 2, retaliatory headbutt
a: no special abilities


You were on level 3 of the Dungeon.
You visited 1 branch of the dungeon, and saw 3 of its levels.

You collected 134 gold pieces.

Inventory:

Hand Weapons
 a - a +0 war axe (weapon)
Missiles
 l - 2 javelins (quivered)
 s - 2 boomerangs
Armour
 b - a +0 scale mail (worn)
 c - a +0 buckler (worn)
 f - an orb of mayhem
Jewellery
 r - a ring of fire
Wands
 q - a wand of quicksilver (9)
Scrolls
 e - a scroll of poison {unknown}
 h - 3 scrolls of fog {unknown}
 i - a scroll of torment {unknown}
 j - a scroll of magic mapping {unknown}
 m - 3 scrolls of identify {unknown}
 n - a scroll of blinking {unknown}
Potions
 d - 2 potions of might
 g - a potion of berserk rage {unknown}
 k - 2 potions of curing {unknown}
 o - a potion of invisibility {unknown}
 p - a potion of magic {unknown}


   Skills:
 * Level 5.0 Fighting
 - Level 4.1 Axes
 + Level 4.3 Armour
 + Level 0.3 Dodging
 + Level 4.0 Shields


You had 3 spell levels left.
You didn't know any spells.
Your spell library contained the following spells:

 Spells                   Type           Power      Damage    Failure   Level
 Beastly Appendage        Tmut           0%         N/A       86%         1
 Summon Small Mammal      Summ           0%         N/A       86%         1
 Wereblood                Tmut           0%         N/A       94%         2
 Call Canine Familiar     Summ           0%         N/A       99%         3
 Dazzling Flash           Conj/Hex       0%         N/A       99%         3
 Spider Form              Tmut/Pois      0%         N/A       99%         3
 Summon Guardian Golem    Hex/Summ       0%         N/A       99%         3
 Iskenderun's Mystic Bla  Conj/Tloc      0%         2d3       100%        4
 Fireball                 Conj/Fire      0%         3d3       100%        5
 Starburst                Conj/Fire      0%         6d3       100%        6
 Ignition                 Fire           0%         3d3       100%        8


Dungeon Overview and Level Annotations

Branches:
Dungeon (3/15)

Altars:
Qazlal


Innate Abilities, Weirdness & Mutations

You have a pair of horns on your head.
You reflexively headbutt those who attack you in melee.


Message History

The orc barely misses you.
You barely miss the orc.
The orc is heavily wounded.
You block the orc's attack.
The orc hits you from afar with a +0 trident.
You barely miss the orc.
The orc is heavily wounded.
The orc hits you but does no damage.
The orc hits you from afar with a +0 trident.
The orc barely misses you. The orc closely misses you. You furiously retaliate!
You headbutt the orc!
You kill the orc!
You closely miss the orc priest. You headbutt the orc priest.
The orc priest is moderately wounded.
The orc hits you from afar with a +0 trident.
The orc priest misses you.
You slash the orc priest!
The orc priest is almost dead.
The orc priest invokes the aid of Beogh against you.
You barely resist.
The orc hits you from afar with a +0 trident.
* * * LOW HITPOINT WARNING * * *
Unknown command.
You slash the orc priest!
You kill the orc priest!
You block the orc's attack.
Your Fighting skill increases to level 5!
Your Shields skill increases to level 4!
Unknown command.
You miss something.
The orc hits you from afar with a +0 trident.
* * * LOW HITPOINT WARNING * * *
Something hits you but does no damage. You block something's attack.
The orc hits you but does no damage.
Unknown command.
You closely miss something. Your headbutt misses something.
The orc hits you from afar with a +0 trident.
* * * LOW HITPOINT WARNING * * *
Something hits you.
You die...

### ##.##
.#####...####
.........@{o#
#####...##o..[..#
##.## ###.#.# #.#
# #.# ##'##
##...## ##.....##
##.......##


You could see an orc priest and an orc.

Vanquished Creatures
  An orc priest (D:3)
  Natasha (D:3)
  A worm (D:3)
  2 dart slugs (D:1)
  An orc (D:3)
  5 bats
  4 endoplasms
  15 giant cockroaches
  4 goblins
  5 hobgoblins
  2 kobolds
  3 quokkas
  4 ball pythons
  A frilled lizard (D:1)
  6 rats
55 creatures vanquished.

Vanquished Creatures (others)
  2 fungi (D:1)
2 creatures vanquished.

Grand Total: 57 creatures vanquished

Notes
Turn   | Place    | Note
-------+----------+-------------------------------------------
     0 | D:1      | Icepheonix32 the Minotaur Fighter began the quest for the
                  | Orb.
     0 | D:1      | Reached XP level 1. HP: 19/19 MP: 0/0
   118 | D:1      | Reached skill level 4 in Fighting
   118 | D:1      | Reached XP level 2. HP: 27/27 MP: 1/1
   535 | D:1      | Reached XP level 3. HP: 31/33 MP: 2/2
   627 | D:1      | Found a faded altar of an unknown god.
  1113 | D:2      | Found a stormy altar of Qazlal.
  1492 | D:3      | Noticed Natasha
  1503 | D:3      | Killed Natasha
  1504 | D:3      | Reached XP level 4. HP: 22/41 MP: 3/3
  1892 | D:3      | Reached skill level 5 in Fighting
  1893 | D:3      | Slain by an orc wizard

Illustrated notes

Levels and vault maps discovered:
D:1:      minmay_arrival_radiant_lines, layout_loops_ring,
          shapermc_ecumenical_altar_acropolis, dreamdust_mushroom_princess
D:2:      minmay_roachtagon, layout_basic, basic_altar
D:3:      layout_loops_corners, st_stairs_1, grunt_decor_junction, uniq_grinder,
          uniq_natasha

Skill      XL: |  1  2  3  4 |
---------------+-------------+-----
Fighting       | 4 5 |  5.0
Axes           | 3 4 |  4.1
Armour         | 4 |  4.3
Shields        | 4 |  4.0
Dodging        | |  0.3

Action                   |  1- 3 |  4- 6 || total
-------------------------+-------+-------++-------
Melee: War axe           |    81 |    23 ||   104
       Headbutt          |    14 |     3 ||    17
  Use: Potion            |       |     1 ||     1
Armor: Scale mail        |    47 |    13 ||    60
Dodge: Dodged            |    51 |    14 ||    65
Block: Buckler           |    24 |    11 ||    35
